Unix NetHack Version 3.7.0-86 Work-in-progress - last build May 30 2023 01:50:43 (cc98dc9aa62a9957b082a042edf5bd7ec9f632c7,branch:master). Game began 2023-07-03 16:01:56, ended 2023-07-04 06:39:21. thorsb, neutral male gnomish Healer ------------- .....^......| #|...........| #|...........| ----------- --------- #-...........| ####.>........| ----------- |.......|####-.----------- |.........| |........<| ######........|# # ##......(...| -------- |.........-### |.......|# ### # ----------- |.......######..........| |.......|# # # |.(....| -----|----- |........# ## ## |......| # --------- # #### |......-####^ 0################################### @ |.[....| ---|---.-##H# -------- |.......-% |.......| |.......| --------- Thorsb the Dresser St:17 Dx:13 Co:18 In:6 Wi:13 Ch:18 Neutral Dlvl:15 $:0 HP:0(101) Pw:12(79) AC:-6 Xp:11/11930 T:20998 Latest messages: In what direction? Status of the minotaur (neutral, large): Level 15 HP 39(76) AC 6. You hit the minotaur! The minotaur hits! The minotaur hits again! You return to gnomish form! The minotaur misses! What do you want to use or apply? [cerswFGNOQ or ?*] In what direction? Status of the minotaur (neutral, large): Level 15 HP 27(76) AC 6. You hit the minotaur! The minotaur hits! The minotaur hits again! The minotaur butts! What do you want to use or apply? [cerswFGNOQ or ?*] In what direction? Status of the minotaur (neutral, large): Level 15 HP 22(76) AC 6. You see here a partly eaten mumak corpse. The minotaur hits! The minotaur hits again! The minotaur butts! In what direction? You feel much better. The minotaur hits! The minotaur hits again! The minotaur butts! What do you want to use or apply? [cerswFGNOQ or ?*] In what direction? Status of the minotaur (neutral, large): Level 15 HP 22(76) AC 6. What do you want to drink? [EX or ?*] You feel much better. The minotaur hits! The minotaur just misses! The minotaur butts! What do you want to drink? [EX or ?*] You feel much better. The minotaur hits! The minotaur hits again! The minotaur butts! You hit the minotaur! The minotaur hits! The minotaur hits again! The minotaur butts! You die... Do you want your possessions identified? [ynq] (y) Do you want to see your attributes? [ynq] (y) Do you want an account of creatures vanquished? [ynaq] (y) Do you want a list of species genocided? [ynaq] (y) Do you want to see your conduct and achievements? [ynq] (y) Do you want to see the dungeon overview? [ynq] (y) Inventory: Amulets M - an uncursed amulet of reflection (being worn) Armor Y - an uncursed +0 dwarvish iron helm (being worn) b - an uncursed burnt +1 pair of leather gloves (being worn) C - an uncursed burnt +0 pair of speed boots (being worn) Comestibles f - an uncursed clove of garlic v - an uncursed food ration z - 20 uncursed meatballs Scrolls x - an uncursed scroll of enchant armor k - a cursed scroll of identify Potions E - an uncursed potion of polymorph Rings n - an uncursed ring of cold resistance named UC y - an uncursed ring of free action named UC R - a cursed ring of levitation a - an uncursed +2 ring of protection (on right hand) D - an uncursed +2 ring of protection (on left hand) I - an uncursed ring of protection from shape changers u - an uncursed ring of teleport control Wands O - a wand of make invisible (0:6) N - a wand of opening (0:5) Q - a wand of striking (0:0) Tools G - an uncursed bag of holding containing 42 items r - a bag of tricks (0:14) F - an uncursed lock pick e - an uncursed magic whistle c - an uncursed stethoscope w - an uncursed wet towel s - a +0 unicorn horn (weapon in hands) Gems/Stones i - an uncursed luckstone Contents of the bag of holding: 10244 gold pieces an uncursed amulet of guarding a +1 knife the +0 Sting a +0 worm tooth an uncursed lavis polyp an uncursed cram ration 3 uncursed food rations an uncursed pancake an uncursed tripe ration an uncursed scroll of blank paper 2 uncursed scrolls of blank paper a cursed scroll of blank paper an uncursed scroll of create monster a cursed scroll of create monster an uncursed scroll of destroy armor 4 uncursed scrolls of identify 2 uncursed scrolls of light 2 uncursed scrolls of remove curse 2 uncursed scrolls of teleportation an uncursed spellbook of force bolt an uncursed potion of booze an uncursed diluted potion of extra healing an uncursed potion of healing 2 uncursed potions of healing an uncursed diluted potion of object detection 2 blessed potions of paralysis a wand of fire (0:5) a wand of lightning (0:2) a wand of magic missile (0:7) a wand of magic missile (0:5) a wand of secret door detection (0:13) a wand of sleep (0:5) a wand of speed monster (0:4) a can of grease (0:6) a +0 pick-axe a +0 unicorn horn a +0 unicorn horn an uncursed aquamarine stone an uncursed worthless piece of black glass 4 uncursed worthless pieces of green glass an uncursed worthless piece of yellow glass Thorsb the Healer's attributes: Background: You were a Dresser, a level 11 male gnomish Healer. You were neutral, on a mission for Hermes who was opposed by Athena (lawful) and Poseidon (chaotic). You were in the Dungeons of Doom, on level 15. You entered the dungeon 20998 turns ago. There was a full moon in effect when your adventure ended. You had 11930 experience points, 8070 more were needed to attain level 12. Basics: You had 0 out of 101 hit points. You had 12 out of 79 energy points (spell power). Your armor class was -6. Your wallet was empty, but you had 10244 zorkmids stashed away in your pack. Autopickup was on for '$' plus thrown. Final Characteristics: Your strength was 17 (limit:18/50). Your dexterity was 13 (limit:18). Your constitution was 18 (limit:18). Your intelligence was 6 (limit:19). Your wisdom was 13 (limit:18). Your charisma was 18 (limit:18). Final Status: You were not hungry. You were unencumbered. You were wielding a unicorn horn. You had expert skill with unicorn horn. Final Attributes: You were piously aligned. You were sleep resistant. You were poison resistant. You were telepathic. You had infravision. You had a large defense bonus (+13). You were warded. You were very fast. You had reflection. You were very lucky. You had extra luck. Bad luck did not time out for you. Good luck did not time out for you. You are dead. Miscellaneous: You encountered 1 bones level. Total elapsed playing time was 10 hours, 52 minutes and 20 seconds. Major events: Turn 1: thorsb the neutral male gnomish Healer entered the dungeon 2198: entered the Gnomish Mines 2752: reached Mine Town 5294: attained the rank of Empiric (level 3) 5751: entered Sokoban 5996: completed 1st Sokoban level 6892: completed 2nd Sokoban level 7235: completed 3rd Sokoban level 8141: completed 4th Sokoban level 8208: attained the rank of Embalmer (level 6) 8436: acquired the Sokoban amulet of reflection 11483: found Sting on the floor 13094: performed his first genocide (master mind flayers) 13785: acquired the Mines' End luckstone 16082: attained the rank of Dresser (level 10) 20998: killed by a minotaur Vanquished creatures: a master mind flayer a vampire a watch captain a ghost a winged gargoyle a long worm 4 fire giants 2 rock trolls a flesh golem an elven monarch a large mimic a wumpus an air elemental an earth elemental a black naga 4 wargs 9 small mimics 2 xans an ogre leader 3 quantum mechanics a gelatinous cube a pyrolisk a large dog a large cat a gargoyle a dwarf ruler 4 tengu an ochre jelly a leocrotta a human mummy a wraith an ettin zombie 3 leather golems a Grey-elf 3 watchmen an amorous demon 2 chameleons 6 giant beetles 3 quivering blobs 2 cockatrices 6 wolves 6 winter wolf cubs a lynx 6 gremlins 6 leprechauns 4 orc-captains 2 iron piercers 2 mumakil 2 giant spiders 3 scorpions 3 horses an ice vortex 2 black lights a vampire bat 2 forest centaurs 6 gnome rulers 2 orc mummies 5 dwarf mummies 3 ogres a brown pudding an owlbear 2 yetis a gold golem 9 Green-elves 5 lizards 2 chickatrices 2 dingoes a dog 2 housecats a jaguar 2 dwarf leaders 5 white unicorns 3 black unicorns 2 ravens 5 plains centaurs 2 snakes 8 apes 3 rope golems 3 Woodland-elves 6 soldier ants a fire ant 13 bugbears 4 imps 2 quasits 4 wood nymphs 2 water nymphs 2 mountain nymphs a Mordor orc 3 Uruk-hai 4 rock piercers 3 rock moles 6 ponies 2 fog clouds 2 yellow lights 3 shriekers 3 violet fungi 12 gnome leaders 4 gnomish wizards 3 gray oozes 2 ghouls a straw golem a paper golem a baby crocodile 5 giant ants a little dog 13 floating eyes 3 kittens 24 dwarves 4 homunculi 7 kobold leaders 3 kobold shamans 20 hill orcs 5 rothes 4 rabid rats a centipede 6 giant bats 7 orc zombies 9 dwarf zombies 3 wererats 10 iguanas 11 killer bees 11 acid blobs 2 gas spores 9 hobbits 13 manes 5 large kobolds 19 hobgoblins 7 giant rats 10 cave spiders 3 brown molds 3 yellow molds 4 green molds 4 red molds 32 gnomes 2 garter snakes 3 gnome zombies 9 geckos 19 jackals 5 foxes 5 kobolds 8 goblins 6 sewer rats 13 grid bugs 2 bats 16 lichens 5 kobold zombies 19 newts 652 creatures vanquished. Genocided species: master mind flayers 1 species genocided. Voluntary challenges: You read items or engraved 27 times. You engraved Elbereth 1 time. You genocided 1 type of monster. You never polymorphed an object. You used no wishes. You did not violate any of the special Sokoban rules. Achievements: You entered a shop. You entered the Gnomish Mines. You entered Minetown. You entered a temple. You attained the rank of Empiric. You entered Sokoban. You attained the rank of Embalmer. You completed Sokoban. You completed the Gnomish Mines. You attained the rank of Dresser. The Dungeons of Doom: levels 1 to 16 Level 1: Level 2: Some fountains. Stairs down to The Gnomish Mines. Level 3: An armor shop, some fountains, a grave. Level 4: A fountain. Level 5: Many fountains. Oracle of Delphi. Level 6: A general store, some fountains. Stairs up to Sokoban, level 5. Level 7: An altar to Hermes, a sink. Level 8: A general store. Level 9: A fountain. Level 10: Level 11: Many fountains. Summoned by Hippocrates. Portal to The Quest. Level 12: A general store, some fountains. Level 13: A fountain. Level 14: Level 15: <- You were here. Final resting place for you, killed by a minotaur. Level 16: A primitive area. The Gnomish Mines: levels 3 to 10 Level 3: "spellbook" Level 4: Level 5: Many shops, a temple, some fountains, some trees. Level 6: Level 7: Level 8: A grave. Final resting place for nabru-Wiz-Elf-Fem-Cha, killed by a dwarf lady. Level 9: Level 10: The Quest: Level 1: Home. Sokoban: levels 5 up to 2 Level 2: Solved. Level 3: Solved. Level 4: Solved. Level 5: Solved. Game over: ---------- / \ / REST \ / IN \ / PEACE \ / \ | thorsb | | 10244 Au | | killed by a | | minotaur | | | | | | 2023 | *| * * * | * _________)/\\_//(\/(/\)/\//\/|_)_______ Goodbye thorsb the Healer... You died in The Dungeons of Doom on dungeon level 15 with 47336 points, and 10244 pieces of gold, after 20998 moves. You were level 11 with a maximum of 101 hit points when you died.